 Dungeon Crawl Stone Soup version 0.30-a0-116-g3b1a8e4ee4 (webtiles) character file.

Game seed: 4487164794158117433

7 drugrobin the Sneak (level 1, -4/18 HPs)
             Began as a Demigod Delver on Sept 13, 2022.
             Killed from afar by an orc wizard (9 damage)
             ... with a magic dart
             ... on level 4 of the Dungeon.
             The game lasted 00:01:37 (658 turns).

drugrobin the Sneak (Demigod Delver)                 Turns: 658, Time: 00:01:38

Health: -4/18      AC:  3    Str: 13    XL:     1   Next: 73%
Magic:  3/3        EV: 11    Int: 12    God:
Gold:   0          SH:  0    Dex: 15    Spells: 0/0 levels left

rFire   . . .      SeeInvis .    a - +0 short sword
rCold   . . .      Faith    .    (no shield)
rNeg    . . .      Spirit   .    b - +0 leather armour
rPois   .          Reflect  .    (no helmet)
rElec   .          Harm     .    (no cloak)
rCorr   .          Rampage  .    (no gloves)
Will    .....                    (no boots)
Stlth   +++.......               (no amulet)
HPRegen 0.06/turn                i - ring of flight
MPRegen 0.08/turn                (no ring)

@: flying
A: high MP 1, forlorn, divine attributes
a: no special abilities


You were on level 4 of the Dungeon.
You visited 1 branch of the dungeon, and saw 4 of its levels.

Inventory:

Hand Weapons
 a - a +0 short sword (weapon)
Missiles
 k - 5 poisoned darts (quivered)
Armour
 b - a +0 leather armour (worn)
Jewellery
 i - a ring of flight (left hand)
Wands
 g - a wand of digging (3)
 h - a wand of polymorph (6)
Scrolls
 c - a scroll of fog
 d - a scroll of magic mapping
 e - a scroll of fear
 l - a scroll of summoning {unknown}
Potions
 f - a potion of haste
 j - a potion of attraction {unknown}


   Skills:
 - Level 2.6 Fighting
 + Level 2.4 Short Blades
 - Level 1.7 Dodging
 - Level 4.5 Stealth


You couldn't memorise any spells.
You didn't know any spells.
Your spell library contained the following spells:

 Spells                   Type           Power      Damage    Failure   Level
 Gell's Gravitas          Tloc           0%         N/A       77%         3
 Lesser Beckoning         Tloc           0%         N/A       77%         3
 Teleport Other           Tloc           0%         N/A       77%         3


Dungeon Overview and Level Annotations

Branches:
Dungeon (6/15)
 Temple: D:4-7


Innate Abilities, Weirdness & Mutations

You have an increased reservoir of magic. (+10% MP)
You shall have no god before yourself.
Your divine heritage dramatically boosts your attributes as you level up.


Message History

You barely miss the orc.
The orc is heavily wounded.
The orc hits you with a +0 falchion.
You hit the orc.
The orc is almost dead.
The orc closely misses you.
You hit the orc.
You kill the orc!
Things that are here:
a +0 falchion; an orc corpse
k - 4 poisoned darts (gained 1) 2 orc wizards come into view.
The orc wizard shouts!
The orc wizard points at you and mumbles some strange words.
You are confused.
The orc wizard casts a spell at you. The magic dart hits you.
You see here a poisoned dart.
Unknown command.
Unknown command.
Unknown command.
k - 5 poisoned darts (gained 1) Unknown command.
Unknown command.
You're too confused to move!
Unknown command.
Unknown command.
Unknown command.
Unknown command.
You feel less confused. The orc wizard casts a spell at you.
The magic dart hits you!
* * * LOW HITPOINT WARNING * * *
Unknown command.
Things that are here:
a +0 falchion; an orc corpse The orc wizard points at you and mumbles some strange words.
The magic dart hits you!
Ouch! That really hurt!
You die...

#.# #.# .## #.# #.# .(.
... ..# o.# #.# #####.#
..# # #.# #...#.# ..#
#.###.###...#.# ..####.
##...........#.##.......
#.....)..@.).o.o........
#..###<##......##.######
#.##....#.# ... #.
#.##...##.##.### #..#
##..###.##...##.....
...#
.................#.#
#..#
##.......#...##.##.#
#..# #.................#
#..#
...........#.##.##.#
#..#


You could see 2 orc wizards.

Vanquished Creatures
  3 orcs (D:4)
  A kobold (D:4)
4 creatures vanquished.

Notes
Turn   | Place    | Note
-------+----------+-------------------------------------------
     0 | D:5      | drugrobin the Demigod Delver began the quest for the Orb.
     0 | D:5      | Reached XP level 1. HP: 18/18 MP: 3/3
    21 | D:5      | You fall into a shaft and drop 1 floor!
    31 | D:6      | Noticed an ice beast
   210 | D:3      | Noticed an orc wizard
   649 | D:4      | Noticed an orc wizard
   649 | D:4      | Noticed an orc wizard
   658 | D:4      | Killed from afar by an orc wizard

Illustrated notes

Levels and vault maps discovered:
D:3:      layout_loops_corners, hellmonk_ghost_happy_afterlife,
          corexii_hall_statues_s, uniq_natasha, uniq_crazy_yiuf_cottage,
          uniq_terence, uniq_jessica
D:4:      layout_basic, mainiacjoe_overflow_cross_hatched
D:5:      layout_cave_pods, mainiacjoe_overflow_six_doors_small,
          kennysheep_little_box, minmay_temple_entry_offerings,
          lightli_minifort, uniq_pikel
D:6:      layout_cave_pools, serial_gnoll_camp, gnoll_camp_huts_basic,
          gnoll_camp_mini_loothouse, gnoll_camp_medium_02, gnoll_camp_mini_house

Skill      XL: |  1 |
---------------+----+-----
Short Blades   | 2 |  2.4
Fighting       | |  2.6
Dodging        | |  1.7
Stealth        | |  4.5

Action                   || total
-------------------------++-------
Melee: Short sword       ||    30
Throw: Dart              ||     3
Armor: Leather armour    ||     7
Dodge: Dodged            ||    13

Table legend: (Time is in decaauts)
 A = Elapsed time spent in this place.
 B = Non-inter-level travel time spent in this place.
 C = Inter-level travel time spent in this place.
 D = Time resting spent in this place.
 E = Time spent auto-exploring this place.
 F = Levels seen in this place.
 G = Mean time per level.
                   A        B        C        D        E       F      G
               +--------+--------+--------+--------+--------+-----+--------+
         Total |    655 |    655 |      0 |    357 |     88 |   4 |  163.8 |
       Dungeon |    655 |    655 |      0 |    357 |     88 |   4 |  163.8 |
               +--------+--------+--------+--------+--------+-----+--------+

Top non-repeatable levels by time:
     D:4: 502 daAuts
     D:3: 98 daAuts
     D:5: 38 daAuts
     D:6: 16 daAuts
